 Dungeon Crawl Stone Soup version 0.15.2 (webtiles) character file.

30 HopeRidesAlone the Insei (level 3, -1/29 HPs)
             Began as a Mummy Monk on Oct 24, 2015.
             Slain by a giant cockroach (2 damage)
             ... on Level 2 of the Dungeon.
             The game lasted 00:02:47 (2281 turns).

HopeRidesAlone the Insei (Mummy Monk)               Turns: 2281, Time: 00:02:47

HP  -1/29        AC  0     Str 14      XL: 3   Next:  5%
MP   3/3         EV 13     Int  9      God:
Gold 72          SH  0     Dex 15      Spells:  0 memorised,  2 levels left

rFire  x . .     SeeInvis .       - Unarmed
rCold  + . .     Clarity  .     (no armour)
rNeg   + + +     rCorr    .     (no shield)
rPois  +         rRot     +     (no helmet)
rElec  .         Spirit   .     (no cloak)
SustAb .         Warding  .     (no gloves)
rMut   .         Stasis   .     (no boots)
Gourm  .                        (no amulet)
MR     .....                    (no ring)
                                (no ring)

@: not resistant to hostile enchantments, unstealthy
A: no food or potions, fire vulnerability, restore body, cold resistance 1,
negative energy resistance 3, poison resistance, torment resistance, unbreathing
a: no special abilities


You were on level 2 of the Dungeon.
You were not hungry.

You visited 1 branch of the dungeon, and saw 2 of its levels.

You collected 72 gold pieces.


Innate Abilities, Weirdness & Mutations

You do not eat or drink.
Your flesh is vulnerable to fire.
Your flesh is cold resistant.
You are immune to negative energy.
Your system is resistant to poisons.
You are immune to unholy pain and torment.
You can survive without breathing.


   Skills:
 - Level 3.0 Fighting
 - Level 2.4 Dodging
 - Level 1.5 Stealth
 + Level 4.1 Unarmed Combat


You had 2 spell levels left.
You didn't know any spells.

Inventory:

Armour
 a - a +0 robe
Scrolls
 b - a scroll of noise {unknown}
 c - a scroll of enchant weapon {unknown}
 d - a scroll of teleportation {unknown}

Dungeon Overview and Level Annotations

Branches:
Dungeon (2/15)

Altars:

Annotations:
D:2 exclusion: 4 doors

(#.#......# ..##..
#...... ..##......#
...#.## #......
....#.....# .....
#...... ..........#
####...# #......
..####....
..##...##+####......
..# ...
#.#.................
..# .%
#.###...............
#... ##
#.#...........######
### ..
#.#M##>.......#
#.#.#B###.......#
#....w# #.......#
.......#.###
#.......# ..... #.#
#.......# .... ...
#.......# ..# #...
#.......###### .....
#.............
##....
#............(


You could see a worm and a giant cockroach.


Message History

You hit the worm.
The worm is heavily wounded.
The giant cockroach completely misses you.
The worm bites you!
* * * LOW HITPOINT WARNING * * *
You are too injured to fight recklessly!
You are too injured to fight recklessly!
The giant cockroach bites you.
* * * LOW HITPOINT WARNING * * *
Saving game... please wait.
Level annotation: exclusion: 4 doors Lua error: [string "/dgldir/rcfiles/crawl-0.15/HopeRidesAlone.r..."]:73: attempt to call global 'clear_autopickup_funcs' (a nil value) Welcome back, HopeRidesAlone the Mummy Monk.
Here: a giant cockroach (clinging)
The floor.
Unknown command.
You hit the giant cockroach.
The giant cockroach is moderately wounded.
The giant cockroach closely misses you.
Unknown command.
You barely miss the giant cockroach.
The giant cockroach is moderately wounded.
The giant cockroach waves its antennae.
The giant cockroach barely misses you.
Unknown command.
Unknown command.
You hit the giant cockroach.
The giant cockroach is heavily wounded.
The giant cockroach bites you.
You die...

Action                   || total
-------------------------++-------
Melee: Unarmed           ||   125
 Stab: Distracted        ||     1
       Sleeping          ||     1

Vault maps used:
D:1:      minmay_arrival_shattered_statue, minmay_crystal_water
D:2:      kennysheep_cluttered_room, minmay_misc_feat_square,
          minmay_misc_feat_secret_circle, minmay_bat_box

Notes
Turn   | Place    | Note
--------------------------------------------------------------
     0 | D:1      | HopeRidesAlone, the Mummy Monk, began the quest for the Orb.
     0 | D:1      | Reached XP level 1. HP: 18/18 MP: 1/1
   679 | D:1      | Reached XP level 2. HP: 24/24 MP: 2/2
  1333 | D:1      | HP: 1/24 [giant gecko (4)]
  1637 | D:2      | Reached skill level 4 in Unarmed Combat
  2179 | D:2      | Reached XP level 3. HP: 29/29 MP: 3/3
  2275 | D:2      | HP: 1/29 [worm (10)]
  2281 | D:2      | Slain by a giant cockroach

Vanquished Creatures
  2 giant geckos (D:1)
  5 bats (D:2)
  2 hobgoblins
  6 kobolds (D:1)
  A giant cockroach (D:1)
  5 goblins
  2 jackals (D:1)
  A quokka (D:2)
  3 rats
27 creatures vanquished.
